 Dungeon Crawl Stone Soup version 0.16-a0-3250-g88dccf0 (webtiles) character file.

246 GlassGo the Insei (level 6, -2/38 HPs)
             Began as an Octopode Transmuter on Dec 22, 2014.
             Slain by a hobgoblin zombie (4 damage)
             ... in an ossuary.
             The game lasted 00:41:49 (5274 turns).

GlassGo the Insei (Octopode Transmuter)             Turns: 5274, Time: 00:41:49

Health: -2/38      AC:  1    Str:  9    XL:     6   Next: 11%
Magic:  10/10      EV: 12    Int: 16    God:
Gold:   182        SH:  0    Dex: 14    Spells: 2 memorised, 5 levels left

rFire  . . .     SeeInvis .       - Unarmed
rCold  . . .     Clarity  .     (no shield)
rNeg   . . .     SustAb   .     (helmet restricted)
rPois  +         Gourm    .     (no amulet)
rElec  .         Spirit   .     o - ring of poison resistance
rCorr  .         Warding  .     (no ring)
rMut   .         Stasis   .     (no ring)
MR     .....                    (no ring)
Stlth  ++........               (no ring)
                                (no ring)
                                (no ring)
                                (no ring)

@: not resistant to hostile enchantments, unstealthy
A: almost no armour, amphibious, 8 rings, constrict 8, camouflage 1, gelatinous
body 1
a: no special abilities


You were in an ossuary.
You were very hungry.

You visited 1 branch of the dungeon, and saw 4 of its levels.
You also visited: Ossuary.

You collected 182 gold pieces.

Inventory:

Hand weapons
 l - a +0 greatsling
 v - a +0 hand axe
Missiles
 b - 42 arrows
 g - 13 bolts of frost
 h - 15 poisoned needles
 q - 29 sling bullets
Jewellery
 o - a ring of poison resistance (left tentacle)
Scrolls
 c - a scroll of random uselessness {unknown}
 e - a scroll of identify {unknown}
 j - a scroll of magic mapping {unknown}
 k - a scroll of remove curse
 n - a scroll of fog {unknown}
 s - a scroll of recharging {unknown}
 t - a scroll of amnesia {unknown}
Potions
 f - a potion of curing
 i - a potion of beneficial mutation {unknown}
 m - a potion of ambrosia
 p - 2 potions of brilliance {unknown}
Books
 d - a book of Changes

   Spells                             Type                      Level
   a - Beastly Appendage              Transmutation                1
   b - Sticks to Snakes               Transmutation                2
   c - Spider Form                    Transmutation/Poison         3
   d - Ice Form                       Ice/Transmutation            4
   e - Blade Hands                    Transmutation                5
Comestibles
 a - 3 bread rations
 w - a slice of pizza


   Skills:
 - Level 1.0 Fighting
 - Level 2.0 Dodging
 - Level 6.0 Unarmed Combat
 - Level 2.0 Spellcasting
 * Level 3.4 Transmutations


You had 5 spell levels left.
You knew the following spells:

 Your Spells              Type           Power        Failure   Level  Hunger
a - Beastly Appendage     Trmt           ##....       8%          1    #......
b - Spider Form           Trmt/Pois      #.........   34%         3    ###....


Dungeon Overview and Level Annotations

Branches:
Dungeon (4/15)
 Temple: D:4-7

Altars:
Gozag
Trog

Annotations:
D:2 Sigmund


Innate Abilities, Weirdness & Mutations

You cannot wear most types of armour.
You are amphibious.
You can wear up to eight rings at the same time.
You can use your tentacles to constrict many enemies at once.
Your skin changes colour to match your surroundings (Stealth).
Your rubbery body absorbs attacks (AC +1).


Message History

A rat zombie comes into view.
You release your grip on the human zombie.
The centaur zombie hits you.
* * * LOW HITPOINT WARNING * * *
Drink which item? (? for menu, Esc to quit)
You feel better. The centaur zombie closely misses you.
The human zombie hits you.
The sentinel's mark upon you fades away.
The human zombie barely misses you. The centaur zombie closely misses you.
The hobgoblin zombie hits you.
You bludgeon the centaur zombie! The centaur zombie hits you.
* * * LOW HITPOINT WARNING * * *
The hobgoblin zombie hits you.
* * * LOW HITPOINT WARNING * * *
You tentacle-slap the centaur zombie.
You squeeze the centaur zombie, but do no damage.
The centaur zombie hits you.
* * * LOW HITPOINT WARNING * * *
The hobgoblin zombie hits you.
You die...

######################
#....................#
#.....ZZ.Z...........#
#.....Z.M8..8........#
#....@ZZMZZ..........#
#...######Z.######...#
#...# #(Z# #...# #...#
#.^# #...# #...# #..#
#...# #...# ...Z #...#
#...# ##.... #...#
#...# #.... #...#
#...# #..... #...#


You could see 2 mummies, a rat zombie, a goblin zombie, 2 hobgoblin zombies, 3
kobold zombies, a centaur zombie and a human zombie.

Vanquished Creatures
  A centaur zombie (Ossuary)
  A worker ant (D:4)
  6 adders
  A giant mite (D:2)
  5 worms
  An adder skeleton (D:4)
  2 adder zombies (Ossuary)
  4 giant geckos
  An ooze (D:1)
  2 orcs
  3 ball pythons
  6 goblins
  8 hobgoblins
  3 jackals (D:1)
  8 kobolds
  6 bats
  3 giant cockroaches
  2 giant newts
  7 hobgoblin zombies (Ossuary)
  A jackal zombie (Ossuary)
  8 kobold zombies (Ossuary)
  6 orc zombies (Ossuary)
  9 rats
  A rat zombie (Ossuary)
95 creatures vanquished.

Notes
Turn   | Place    | Note
--------------------------------------------------------------
     0 | D:1      | GlassGo, the Octopode Transmuter, began the quest for the Orb.
     0 | D:1      | Reached XP level 1. HP: 13/13 MP: 3/3
   388 | D:1      | Reached XP level 2. HP: 18/18 MP: 4/4
  1333 | D:1      | Reached skill level 4 in Unarmed Combat
  1336 | D:1      | Reached XP level 3. HP: 17/23 MP: 3/6
  2307 | D:2      | Found a bloodstained altar of Trog.
  2643 | D:2      | Reached XP level 4. HP: 28/28 MP: 4/7
  2995 | D:2      | Reached skill level 5 in Unarmed Combat
  3080 | D:2      | Noticed Sigmund
  3303 | D:3      | Learned a level 3 spell: Spider Form
  3984 | D:3      | Reached XP level 5. HP: 20/33 MP: 7/9
  4494 | D:4      | Found a sand-covered staircase.
  4572 | D:4      | Reached skill level 6 in Unarmed Combat
  4593 | D:4      | Found an opulent altar of Gozag.
  4762 | Ossuary  | Entered an ossuary
  5250 | Ossuary  | Reached XP level 6. HP: 21/38 MP: 8/10
  5274 | Ossuary  | Slain by a hobgoblin zombie

Action                   |  1- 3 |  4- 6 || total
-------------------------+-------+-------++-------
Melee: Unarmed           |    80 |    99 ||   179
 Fire: Greatsling        |       |    46 ||    46
 Cast: Beastly Appendage |    11 |    20 ||    31
  Use: Potion            |       |     4 ||     4
       Scroll            |       |     1 ||     1
 Stab: Sleeping          |     4 |     6 ||    10
  Eat: Chunk             |     5 |     8 ||    13
